 Dungeon Crawl Stone Soup version 0.31-a0-188-g5e087ee2ca (webtiles) character file.

Game seed: 8733623505493727429

79 qw the Shooter (level 4, 0/25 HPs)
             Began as a Deep Elf Hunter on June 23, 2023.
             Succumbed to an adder's poison
             ... on level 3 of the Dungeon.
             The game lasted 00:00:26 (894 turns).

qw the Shooter (Deep Elf Hunter)                     Turns: 894, Time: 00:00:26

Health: 0/25       AC:  5    Str: 16    XL:     4   Next: 16%
Magic:  6/6        EV: 11    Int: 14    God:
Gold:   128        SH:  0    Dex: 18    Spells: 3/3 levels left

rFire   . . .        Y - +0 shortbow
rCold   . . .        (shield currently unavailable)
rNeg    . . .        d - +0 ring mail
rPois   .            (no helmet)
rElec   .            (no cloak)
rCorr   .            (no gloves)
SInv    .            (no boots)
Will    .....        (no amulet)
Stlth   +            f - +6 ring of strength
HPRegen 0.24/turn    (no ring)
MPRegen 0.10/turn

%: no passive effects
@: lethally poisoned (0 -> -4)
A: no striking features
a: no special abilities


You were on level 3 of the Dungeon.
You visited 1 branch of the dungeon, and saw 3 of its levels.

You collected 128 gold pieces.


   Skills:
 - Level 1.5 Fighting
 + Level 7.6 Ranged Weapons
 - Level 2.4 Dodging
 - Level 1.2 Stealth


You had 3 spell levels left.
You didn't know any spells.
Your spell library was empty.

Inventory:

Hand Weapons
 Y - a +0 shortbow (weapon)
Armour
 d - a +0 ring mail (worn)
Jewellery
 a - an amulet of guardian spirit
 f - a +6 ring of strength (left hand)
Scrolls
 g - a scroll of vulnerability {unknown}
Potions
 b - 2 potions of brilliance {unknown}
 c - a potion of heal wounds {unknown}
 e - 2 potions of degeneration {unknown}
 h - a potion of cancellation {unknown}

Dungeon Overview and Level Annotations

Branches:
Dungeon (2/15)

Altars:
Makhleb

Annotations:
D:3 Natasha


Message History

You shoot an arrow. The adder hisses angrily.
The arrow hits the hobgoblin.
The hobgoblin is lightly wounded.
You shoot an arrow. The arrow closely misses the hobgoblin.
An endoplasm comes into view.
You shoot an arrow.
The arrow hits the hobgoblin but does no damage.
The hobgoblin is lightly wounded.
Natasha mumbles some strange words.
You shoot an arrow. The arrow hits the hobgoblin.
You kill the hobgoblin!
You shoot an arrow. The arrow closely misses the adder.
The arrow closely misses the cerulean imp.
The adder closely misses you.
The cerulean imp hits you from afar with a +0 spear.
Natasha mewls in sadness.
You shoot an arrow.
The arrow hits Natasha but does no damage.
The adder closely misses you. Natasha barely misses you.
The cerulean imp closely misses you. The adder barely misses you.
You shoot an arrow.
The arrow hits Natasha but does no damage.
Natasha claws you. The cerulean imp barely misses you. The adder bites you.
You shoot an arrow. The arrow hits Natasha.
Natasha is moderately wounded.
The adder barely misses you. Natasha barely misses you.
The cerulean imp hits you from afar with a +0 spear.
The adder bites you.
You are poisoned.
The adder poisons you!
You shoot an arrow. The arrow hits Natasha.
Natasha is heavily wounded.
You feel sick.
Natasha hisses.
Natasha claws you but does no damage. The cerulean imp barely misses you.
The adder bites you. Natasha claws you!
You shoot an arrow. The arrow hits Natasha.
Natasha is heavily wounded.
You die...

.##......#...#
.............#
#####+#'##...#
#.#.##...#
########...######
..........##
...#####..#
#...## #@###
....).Sh..#
.....5.J..#
..........#
....>.....#
..........#
..........#
..........#


You could see Natasha, a cerulean imp (summoned), an adder and an endoplasm.

Vanquished Creatures
  Natasha (D:3)
  2 dart slugs (D:2)
  2 bats
  3 endoplasms
  2 giant cockroaches (D:1)
  5 goblins
  4 hobgoblins
  7 jackals
  4 quokkas (D:1)
  6 ball pythons (D:1)
  3 frilled lizards
  2 kobolds (D:1)
  2 rats (D:1)
43 creatures vanquished.

Notes
Turn   | Place    | Note
-------+----------+-------------------------------------------
     0 | D:1      | qw the Deep Elf Hunter began the quest for the Orb.
     0 | D:1      | Reached XP level 1. HP: 12/12 MP: 3/3
     0 | D:1      | 0 ||| qw: Version: 0.3-a-9-g12657ce
     0 | D:1      | 0 ||| qw: Game counter: 3454
     0 | D:1      | 0 ||| qw: Always use a shield: true
     0 | D:1      | 0 ||| qw: God list: Okawaru
     0 | D:1      | 0 ||| qw: Allow faded altars: false
     0 | D:1      | 0 ||| qw: Do Orc after D:15 true
     0 | D:1      | 0 ||| qw: Do second Lair branch before Depths: true
     0 | D:1      | 0 ||| qw: Lair rune preference: random
     0 | D:1      | 0 ||| qw: Plans: Normal
     0 | D:1      | 0 ||| PLANNING D:1-11
   121 | D:1      | Reached XP level 2. HP: 16/16 MP: 4/4
   122 | D:1      | Reached skill level 6 in Ranged Weapons
   347 | D:1      | Reached XP level 3. HP: 20/20 MP: 5/5
   433 | D:1      | 433 ||| UPGRADING to +0 ring mail.
   443 | D:1      | 443 ||| DROPPING +0 leather armour.
   444 | D:1      | 444 ||| UPGRADING to +6 ring of strength.
   445 | D:1      | 445 ||| READING scroll labelled HOUCWO ULUA.
   446 | D:1      | 446 ||| DROPPING scroll of butterflies.
   516 | D:2      | Reached skill level 7 in Ranged Weapons
   816 | D:2      | You fall into a shaft and drop 1 floor!
   818 | D:3      | Found a burning altar of Makhleb.
   831 | D:3      | Noticed Natasha
   836 | D:3      | Killed Natasha
   837 | D:3      | Reached XP level 4. HP: 22/25 MP: 6/6
   884 | D:3      | Noticed Natasha
   893 | D:3      | HP: 2/25 [Natasha (7)]
   894 | D:3      | Succumbed to an adder's poison

Levels and vault maps discovered:
D:1:      minmay_arrival_cross, layout_rooms, hex_tiny
D:2:      layout_basic
D:3:      layout_basic, mainiacjoe_overflow_paths,
          nicolae_overflow_crystal_walls, uniq_natasha

Skill      XL: |  1  2  3 |
---------------+----------+-----
Ranged Weapons | 6 7 |  7.6
Fighting       | |  1.5
Dodging        | |  2.4
Stealth        | |  1.2

Action                     |  1- 3 |  4- 6 || total
---------------------------+-------+-------++-------
   Fire: Shortbow          |    99 |    10 ||   109
    Use: Scroll            |     1 |       ||     1
 Armour: Ring mail         |     6 |     1 ||     7
  Dodge: Dodged            |    11 |     9 ||    20

Table legend:
 A = Non-vault XP
 B = Vault XP
 C = Vault XP percentage of total XP
 D = Non-vault monster count
 E = Vault monster count
 F = Vault count percentage of total count
                 A         B        C        D         E       F
            +---------+---------+-------+---------+---------+-------
      Total |      76 |      37 |  32.7 |      42 |       1 |   2.3
            +---------+---------+-------+---------+---------+-------
        D:1 |      51 |       0 |   0.0 |      30 |       0 |   0.0
        D:2 |      22 |       0 |   0.0 |      10 |       0 |   0.0
        D:3 |       3 |      37 |  92.5 |       2 |       1 |  33.3
            +---------+---------+-------+---------+---------+-------
